 Dungeon Sprint DCSS version 0.26.1-2-gb8aa6d0cf2 (webtiles) character file.

Game seed: 3590010219556412233

448 Groucho the Unseen (level 7, 0/61 HPs)
             Began as a Gargoyle Berserker on Mar 10, 2021.
             Was a Believer of Trog.
             Slain by a slime creature (6 damage)
             ... in the Dungeon (Sprint I: "Red Sonja").
             The game lasted 00:02:18 (1254 turns).

Groucho the Unseen (Gargoyle Berserker)             Turns: 1254, Time: 00:02:19

Health: 0/61       AC:  6    Str: 21    XL:     7   Next: 3%
Magic:  7/7        EV: 12    Int:  7    God:    Trog [**....]
Gold:   297        SH:  0    Dex: 11    Spells: 6/6 levels left

rFire    . . .     SeeInvis .   i - +0 dagger
rCold    . . .     Faith    .   (no shield)
rNeg     + . .     Spirit   .   b - +0 animal skin
rPois    ∞         Reflect  .   (no helmet)
rElec    +         Harm     .   (no cloak)
rCorr    .         Rampage  .   (no gloves)
Will     .....     NoTele   +   (no boots)
Stlth    ..........             (no amulet)
HPRegen  0.20/turn              (no ring)
MPRegen  0.10/turn              (no ring)

@: berserking, very quick
A: negative energy resistance 1, electricity resistance, unbreathing,
petrification resistance, miasma immunity, AC +4
a: Renounce Religion, Berserk, Trog's Hand


You were in the Dungeon.
You worshipped Trog.
Trog was pleased with you.
You visited 1 branch You collected 297 gold pieces.

Inventory:

Hand Weapons
 a - a +0 short sword
 i - a +0 dagger (weapon)
Armour
 b - a +0 animal skin (worn)
Scrolls
 h - a scroll of blinking
Potions
 c - a potion of lignification {unknown}
 d - a potion of brilliance {unknown}
 f - 2 potions of magic


   Skills:
 + Level 3.2 Fighting
 + Level 2.6 Short Blades
 - Level 2.1 Armour
 + Level 1.5 Dodging
 + Level 16.0 Stealth


You had 6 spell levels left.
You didn't know any spells.
Your spell library was empty.

Dungeon Overview and Level Annotations

Branches:
Dungeon (1/1)

Altars:
Cheibriados
Dithmenos
Elyvilon
Fedhas
Gozag
Hepliaklqana
Kikubaaqudgha
Makhleb
Nemelex Xobeh
Okawaru
Qazlal
Ru
Sif Muna
Trog
Uskayaw
Vehumet
Wu Jian
Xom
Yredelemnul
Zin
The Shining One
Jiyva
Lugonu

Shops:
D [


Innate Abilities, Weirdness & Mutations

You are resistant to torment.
Your stone body is resilient. (AC +4)
You are immune to poison.
You resist negative energy. (rN+)
You are resistant to electric shocks. (rElec)
You can survive without breathing.
You are immune to petrification.
You are immune to miasma.


Message History

The slime creature is moderately wounded.
You puncture the slime creature!
The slime creature is heavily wounded.
The slime creature hits you but does no damage.
You hit the slime creature.
The slime creature is heavily wounded.
You puncture the slime creature!
The slime creature is severely wounded.
The slime creature hits you!
* * * LOW HITPOINT WARNING * * *
You hit the slime creature.
The slime creature is severely wounded.
You hit the slime creature.
The slime creature is severely wounded.
The slime creature hits you!
* * * LOW HITPOINT WARNING * * *
You barely miss the slime creature.
The slime creature is severely wounded.
The slime creature hits you.
You die...

###################
#<.#..)).#..'..#__#
#..[..#..'..#.@J..+
#..#####'#####'#__#
#..####..#...#)####
#..#__####..##.#
#..#_____##'#_.+
#⌠⌠#_.∩...÷..._#
####_..__##_.#'#
#_____###+#)#
####### ###


You could see a slime creature.

Vanquished Creatures
  Sigmund (D)
  A yak (D)
  An ogre (D)
  A jelly (D)
  Ijyb (D)
5 creatures vanquished.

Vanquished Creatures (others)
  A gargoyle (D)
1 creature vanquished.

Grand Total: 6 creatures vanquished

Notes
Turn   | Place    | Note
-------+----------+-------------------------------------------
     0 | D        | Groucho the Gargoyle Berserker began the quest for the Orb.
     0 | D        | Reached XP level 1. HP: 14/14 MP: 1/1
     1 | D        | Noticed Ijyb
    17 | D        | Killed Ijyb
    18 | D        | Reached skill level 6 in Stealth
    18 | D        | Reached XP level 2. HP: 19/19 MP: 2/2
    18 | D        | Reached XP level 3. HP: 23/23 MP: 3/3
   253 | D        | Noticed an ogre
   258 | D        | Killed a gargoyle
   260 | D        | Killed an ogre
   261 | D        | Reached skill level 10 in Stealth
   261 | D        | Reached XP level 4. HP: 28/28 MP: 4/4
   476 | D        | Noticed Sigmund
   510 | D        | Killed Sigmund
   510 | D        | Reached ** piety under Trog
   511 | D        | Reached skill level 14 in Stealth
   511 | D        | Reached XP level 5. HP: 9/32 MP: 5/5
   511 | D        | Reached XP level 6. HP: 11/37 MP: 6/6
  1002 | D        | Found a shimmering blue altar of Sif Muna.
  1003 | D        | Found an ornate altar of the Wu Jian Council.
  1004 | D        | Found a radiant altar of Vehumet.
  1011 | D        | Found Dayjet's Armour Emporium.
  1011 | D        | Found an ancient bone altar of Kikubaaqudgha.
  1011 | D        | Found a hazy altar of Hepliaklqana.
  1011 | D        | Found a stormy altar of Qazlal.
  1011 | D        | Found a hide-covered altar of Uskayaw.
  1011 | D        | Found a blossoming altar of Fedhas.
  1011 | D        | Found a bloodstained altar of Trog.
  1011 | D        | Found an iron altar of Okawaru.
  1011 | D        | Found a basalt altar of Yredelemnul.
  1011 | D        | Found a glowing golden altar of the Shining One.
  1011 | D        | Found a snail-covered altar of Cheibriados.
  1011 | D        | Found a sacrificial altar of Ru.
  1011 | D        | Found a glowing silver altar of Zin.
  1011 | D        | Found a shadowy altar of Dithmenos.
  1011 | D        | Found a white marble altar of Elyvilon.
  1011 | D        | Noticed a yak
  1030 | D        | Killed a yak
  1031 | D        | Reached skill level 16 in Stealth
  1031 | D        | Reached XP level 7. HP: 25/41 MP: 7/7
  1031 | D        | Found an opulent altar of Gozag.
  1032 | D        | Found a sparkling altar of Nemelex Xobeh.
  1242 | D        | Found a burning altar of Makhleb.
  1242 | D        | Found a shimmering altar of Xom.
  1242 | D        | Noticed a slime creature
  1243 | D        | Found a viscous altar of Jiyva.
  1243 | D        | Found a corrupted altar of Lugonu.
  1254 | D        | Slain by a slime creature

Illustrated notes

Levels and vault maps discovered:
D:        dungeon_sprint_1 [red_sonja_temple_1, red_sonja_temple_small_1]

Skill      XL: |  1  2  3  4  5  6 |
---------------+-------------------+-----
Stealth        | 6 10 14 16 | 16.0
Fighting       | |  3.2
Short Blades   | |  2.6
Armour         | |  2.1
Dodging        | |  1.5

Action                   |  1- 3 |  4- 6 |  7- 9 || total
-------------------------+-------+-------+-------++-------
Melee: Short sword       |    13 |       |       ||    13
       Dagger            |     3 |    35 |     9 ||    47
Invok: Berserk           |     2 |     2 |     1 ||     5
  Use: Potion            |       |     4 |       ||     4
 Stab: Sleeping          |     1 |     1 |       ||     2
Armor: Animal skin       |     3 |     5 |     1 ||     9
Dodge: Dodged            |     7 |    11 |       ||    18
